 Dungeon Crawl Stone Soup version bcrawl-1.37.2 (webtiles) character file.

Game seed: 3882686528391437754

12543173 doomedcactus the Devastator (level 18, -8/124 HPs)
             Began as a Fairy Conjurer on Nov 24, 2022.
             Was the Champion of Sif Muna.
             Mangled by a jiangshi (21 damage)
             ... summoned by a mummy priest
             ... in a wizard's laboratory on Nov 26, 2022.
             The game lasted 02:32:02 (31387 turns).

doomedcactus the Devastator (Fairy Conjurer)       Turns: 31387, Time: 02:32:03

Health: -8/124     AC: 17    Str:  6      XL:     18   Next: 40%
Magic:  40/40      EV: 24    Int: 31      God:    Sif Muna [******]
Gold:   976        SH:  9    Dex: 10 (12) Spells: 10/50 levels left

rFire    + + .     GDR:     22% x - staff of cold
rCold    + + .     SeeInvis .   (shield currently unavailable)
rNeg     + . .     Gourm    .   (armour unavailable)
rPois    .         Faith    .   h - -1 helmet "Umuinime" {rElec Int+2} (curse)
rElec    +         Spirit   .   S - +1 cloak
rCorr    .         Reflect  .   Q - +2 pair of gloves
MR       +....                  D - +2 pair of boots {run}
Stlth    ++........             I - amulet of regeneration
HPRegen  1.50/turn              V - ring "Ycvan" {rElec rF+++ Int+4 Dex-3 Stlth+}
MPRegen  0.27/turn              i - ring of the Wary Ghosts {Ice rN+}

@: flying evasively, deflect missiles, quick
A: small, magic attunement, unstealthy, unfitting armour, able to fly, AC/SH +9
}: 2/15 runes: serpentine, barnacled
a: Stop Flying, Divine Energy, Channel Magic, Forget Spell, Moment of Magic,
Renounce Religion


You were in a wizard's laboratory.
You worshipped Sif Muna.
Sif Muna was exalted by your worship.
You were not hungry.

You visited 7 branches of the dungeon, and saw 27 of its levels.
You also visited: Wizlab.

You collected 2906 gold pieces.
You spent 1930 gold pieces at shops.

Inventory:

Hand Weapons
 s - the +5 flail of Compassion {vamp, *Noise +Inv Str+4}
   (You found it on level 3 of the Shoals)

   It inflicts no extra harm, but heals its wielder when it wounds a living foe.
   It affects your strength (+4).
   It lets you turn invisible.
   It may make noises in combat.
Armour
 h - the cursed -1 helmet "Umuinime" (worn) {rElec Int+2}
   (You found it on level 3 of the Snake Pit)

   It affects your intelligence (+2).
   It insulates you from electricity.
   It has a curse placed upon it.
 v - the +1 medium shield "Seatz" {MR++ rCorr}
   (You found it on level 5 of the Dungeon)

   It affects your resistance to hostile enchantments.
   It provides partial protection from all sources of acid and corrosion.
 D - a +2 pair of boots of running (worn)
 Q - a +2 pair of gloves (worn)
 S - a +1 cloak (worn)
 W - a +2 hat
Magical Staves
 r - an uncursed staff of fire
 x - an uncursed staff of cold (weapon)
Jewellery
 a - an uncursed amulet of faith
 i - the ring of the Wary Ghosts (right hand) {Ice rN+}
   (You bought it in a shop on level 3 of the Snake Pit)

   [ring of ice]

   It enhances your ice magic.
   It makes you vulnerable to fire.
   It protects you from cold.
   It protects you from negative energy.
 l - the cursed ring "Zivekluuc" {rC+ rN+++ Str+3 Dex-4 Stlth+}
   (You found it on level 3 of the Shoals)

   [ring of protection from cold]

   It affects your strength (+3).
   It affects your dexterity (-4).
   It protects you from cold.
   It renders you almost immune to negative energy.
   It makes you more stealthy.
   It has a curse placed upon it.
 A - the ring of Bahan {*Slow +Fly rElec rPois}
   (You found it on level 8 of the Dungeon)

   [ring of flight]

   It insulates you from electricity.
   It protects you from poison.
   It lets you fly.
   It may slow you when you take damage.
 I - an amulet of regeneration (around neck)
 L - an uncursed ring of insulation
 M - a +6 ring of intelligence
 P - an uncursed ring of magical power
 U - an uncursed amulet of magic regeneration
 V - the ring "Ycvan" (left hand) {rElec rF+++ Int+4 Dex-3 Stlth+}
   (You found it on level 10 of the Dungeon)

   [ring of intelligence]

   It affects your intelligence (+4).
   It affects your dexterity (-3).
   It renders you almost immune to fire.
   It insulates you from electricity.
   It makes you more stealthy.
 X - an uncursed ring of see invisible
 Y - a +5 ring of protection
Wands
 j - a wand of scattershot (6)
 o - a wand of digging (9)
 y - a wand of acid (10)
 E - a wand of disintegration (21)
 R - a wand of iceblast (4)
Scrolls
 f - 11 scrolls of teleportation
 g - 8 scrolls of fear
 m - 3 scrolls of magic mapping
 q - 4 scrolls of fog
 u - 3 scrolls of noise
 w - 3 scrolls of enchant weapon
 H - 7 scrolls of remove curse
 J - 3 scrolls of summoning
 K - a scroll of brand weapon
Potions
 b - 3 potions of magic
 c - 2 potions of ambrosia
 d - 3 potions of agility
 k - 2 potions of invisibility
 n - a potion of might
 p - 4 potions of lignification
 t - 7 potions of curing
 z - 4 potions of brilliance
 B - 3 potions of haste
 F - 2 potions of berserk rage
 O - 3 potions of mutation
 T - 4 potions of resistance
Miscellaneous
 C - a phial of floods
Comestibles
 e - 43 rations {!d}


   Skills:
 * Level 11.2 Fighting
 * Level 15.7 Dodging
 - Level 1.6 Stealth
 - Level 2.1 Shields
 + Level 16.9 Spellcasting
 + Level 17.6 Conjurations
 - Level 2.4 Hexes
 - Level 5.5 Charms
 * Level 13.4 Ice Magic
 - Level 8.3 Air Magic
 * Level 11.6 Invocations
 - Level 0.6 Evocations


You had 10 spell levels left.
You knew the following spells:

 Your Spells              Type           Power        Failure   Level  Hunger
a - Throw Icicle          Conj/Ice       ########     1%          4    None
b - Bolt of Cold          Conj/Ice       ########..   1%          6    None
c - Iskenderun's Mystic   Conj           #######.     0%          3    None
d - Fulminant Prism       Conj/Hex       ######....   1%          4    None
e - Irradiate             Conj/Tmut      ######....   1%          5    None
f - Deflect Missiles      Chrm/Air       ######....   14%         6    None
g - Searing Ray           Conj           #######.     0%          2    None
h - Freezing Cloud        Ice/Air        ########     1%          5    None
i - Lightning Bolt        Conj/Air       #######.     1%          4    None
j - Magic Dart            Conj           ####         0%          1    None

Your spell library contained the following spells:

 Spells                   Type           Power        Failure   Level  Hunger
 Shock                    Conj/Air       #######      0%          2    None
 Beastly Appendage        Tmut           ####..       1%          1    None
 Corona                   Hex            #####..      1%          1    None
 Flame Tongue             Conj/Fire      #####        1%          1    None
 Infusion                 Chrm           ######..     1%          1    None
 Necrotize                Necr           ####..       1%          1    None
 Sandblast                Erth           ####..       1%          1    None
 Summon Butterflies       Summ           ####....     1%          1    None
 Summon Small Mammal      Summ           ####         1%          1    None
 Poisonous Vapours        Pois/Air       ######       1%          2    None
 Shackle                  Hex            #####...     1%          2    None
 Song of Slaying          Chrm           ######..     1%          2    None
 Swiftness                Chrm/Air       ######..     1%          2    None
 Confuse                  Hex            #####...     1%          3    None
 Conjure Flame            Conj/Fire      ######..     1%          3    None
 Dazzling Orbs            Conj/Hex       ######.      1%          3    None
 Mephitic Cloud           Conj/Pois/Air  ######..     1%          3    None
 Ozocubu's Armour         Chrm/Ice       ########     1%          3    None
 Regeneration             Chrm/Necr      #####.....   1%          3    None
 Spectral Weapon          Hex/Chrm       ######..     1%          3    None
 Stone Arrow              Conj/Erth      ######       1%          3    None
 Airstrike                Air            ######....   1%          4    None
 Ice Form                 Ice/Tmut       ########     1%          4    None
 Summon Ice Beast         Ice/Summ       ########     1%          4    None
 Bolt of Draining         Conj/Necr      ######....   1%          5    None
 Fireball                 Conj/Fire      ######....   1%          5    None
 Iskenderun's Battlesphe  Conj/Chrm      #######.     1%          5    None
 Metabolic Englaciation   Hex/Ice        ########..   1%          5    None
 Conjure Ball Lightning   Conj/Air       #######...   1%          6    None
 Ozocubu's Refrigeration  Ice            ########..   1%          6    None
 Orb of Destruction       Conj           #######...   1%          7    None
 Call Imp                 Summ           ####..       2%          2    None
 Corpse Rot               Necr           N/A          2%          2    None
 Passwall                 Tmut/Erth      ####....     2%          2    None
 Sticks to Snakes         Tmut           ####....     2%          2    None
 False Image              Hex/Summ       ####....     3%          3    None
 Inner Flame              Hex/Fire       N/A          3%          3    None
 Call Canine Familiar     Summ           ####....     4%          3    None
 Spider Form              Tmut/Pois      ###          4%          3    None
 Vampiric Draining        Necr           ####......   4%          3    None
 Bolt of Magma            Conj/Fire/Erth ######....   4%          5    None
 Silence                  Hex/Air        ######....   4%          5    None
 Cause Fear               Hex            #####.....   6%          4    None
 Bolt of Fire             Conj/Fire      ######....   7%          6    None
 Poison Arrow             Conj/Pois      ######....   7%          6    None
 Summon Lightning Spire   Summ/Air       ######..     9%          5    None
 Tree Form                Hex/Tmut       N/A          10%         4    None
 Yara's Violent Unravell  Hex/Tmut       ####......   10%         4    None
 Steam Barrier            Chrm/Fire      #####.....   14%         5    None
 Agony                    Necr           ####....     16%         4    None
 Animate Dead             Necr           N/A          16%         4    None
 Petrify                  Tmut/Erth      ####......   16%         4    None
 Simulacrum               Ice/Necr       ########     16%         6    None
 Summon Mana Viper        Hex/Summ       ####....     26%         5    None
 Blade Hands              Tmut           ####......   41%         5    None
 Dispel Undead            Necr           ####....     41%         5    None
 Summon Forest            Summ/Tloc      ####......   41%         5    None
 Glaciate                 Conj/Ice/Air   ########..   43%         8    None
 Chain Lightning          Conj/Air       #######...   45%         8    None
 Borgnjor's Vile Clutch   Necr/Erth      ####......   94%         6    None
 Statue Form              Tmut/Erth      ####.....    94%         6    None
 Summon Hydra             Summ           ####......   94%         6    None
 Lehudib's Crystal Spear  Conj/Erth      ######....   96%         8    None
 Ignition                 Fire           ####......   100%        8    None
 Tornado                  Tloc/Air       ######....   100%        8    None
 Fire Storm               Conj/Fire      ######....   100%        9    None


Dungeon Overview and Level Annotations

Branches:
Dungeon (12/12)            Temple (1/1) D:6            Lair (6/6) D:8
 Shoals (3/3) Lair:4        Snake (3/3) Lair:2        Slime (0/5) Lair:5
    Orc (1/1) D:8             Elf (0/3) Orc          Vaults (0/3) D:12
 Depths (1/5) D:12

Altars:
Ashenzari
Cheibriados
Dithmenos
Elyvilon
Fedhas
Gozag
Hepliaklqana
Kikubaaqudgha
Lugonu
Makhleb
Nemelex Xobeh
Okawaru
Qazlal
Ru
Sif Muna
Trog
Uskayaw
Vehumet
Wu Jian
Xom
Yredelemnul
Zin
The Shining One
Jiyva

Shops:
D:6 (   D:9 [   D:12 %%[   Orc =[(*}   Shoals:1 *   Shoals:2 }   Snake:3 }==


Innate Abilities, Weirdness & Mutations

Your spells do not cause hunger and MP costs are reduced by 1.
Your bright wings attract enemies. (Stealth-)
You cannot fit into any form of body armour.
Your shimmering scales are hard and can block incoming attacks. (AC +9, SH +9)
You are small and have problems with some larger weapons.
You can fly continuously.


Message History

The mummy priest seems to be corroded for longer.
You destroy the mummy priest!
Sif Muna accepts your kill.
You feel extremely nervous for a moment...
You feel clumsy.
The greater mummy calls on the powers of darkness!
Your body is wracked with pain!
* * * LOW HITPOINT WARNING * * *
The spectral frost giant hits you but does no damage.
The spectral black sun is no longer covered in acid.
The hellwing disappears in a puff of smoke!
The jiangshi is engulfed in seething chaos.
The jiangshi seems to slow down.
The greater mummy gestures wildly while chanting.
The spectral frost giant hits you!!
* * * LOW HITPOINT WARNING * * *
Okay, then.
As you read the scroll of fog, it crumbles to dust.
The scroll dissolves into smoke.
The jiangshi claws you!!
You die...

############# #...........#
#...........# #...........#
#..∩..∩..∩..# #.....§§§...#
#.....§@§...# #.....ZV§...#
###############Z#################
..............zZ.................
.............Z.M.ZZM.............
....................Z............
.....###.........................
.....# #..................Z...M..
.....###..Z...............Z....[.


You could see a jiangshi, a spectral frost giant and a spectral vault sentinel.

Vanquished Creatures
  Gastronok (D:11)
  Rupert (Lair:4)
  A kraken (Shoals:2)
  Roxanne (Shoals:1)
  4 nagarajas
  A frost giant (Depths:1)
  Donald (Shoals:1)
  Aizul (Snake:1)
  A stone giant (D:12)
  2 ettins
  Josephine (Lair:4)
  9 merfolk impalers
  6 merfolk javelineers (Shoals:3)
  A mummy priest (WizLab)
  7 hydras
  A rakshasa (Snake:3)
  2 spectral krakens (Shoals:1)
  Harold (Lair:4)
  3 ghost crabs (Shoals:1)
  A catoblepas (Lair:2)
  10 naga warriors
  A merfolk avatar (Shoals:3)
  A vault guard (D:12)
  An alligator snapping turtle (Shoals:2)
  An ice dragon (Depths:1)
  5 merfolk aquamancers (Shoals:3)
  7 anacondas
  2 two-headed ogres
  A satyr (Shoals:2)
  11 sea snakes
  5 orc high priests (Orc)
  2 death yaks (Lair:6)
  2 shock serpents (Snake:3)
  4 naga sharpshooters
  4 centaur warriors
  A goliath frog (shapeshifter) (Snake:3)
  A goliath frog (Lair:6)
  9 hell knights (D:12)
  A salamander mystic (Snake:2)
  2 unseen horrors
  A skeletal warrior (D:12)
  An unseen horror (shapeshifter) (D:12)
  9 naga ritualists
  A cyclops (shapeshifter) (Snake:3)
  A wolf spider zombie (D:11)
  5 cyclopes
  A phantasmal warrior (D:12)
  8 mana vipers
  2 necromancers (D:12)
  7 orc knights
  6 harpies
  2 stone giant zombies (D:12)
  4 oklob plants
  A faun (Shoals:1)
  4 orc sorcerers (Orc)
  An ugly thing (D:10)
  A spectral alligator snapping turtle (Shoals:1)
  7 salamanders
  17 manticores
  A black mamba (shapeshifter) (D:11)
  33 black mambas
  5 merfolk sirens
  7 guardian serpents
  9 naga magi
  8 elephants (Lair:6)
  A gargoyle (D:12)
  2 torpor snails
  3 water nymphs (Shoals:3)
  A spriggan skeleton (D:12)
  9 cane toads
  A rime drake (Lair:6)
  2 guardian mummies
  3 komodo dragons
  4 spectral merfolk (Shoals:1)
  A yaktaur (Depths:1)
  5 trolls
  5 hornets
  5 polar bears (Lair:6)
  15 merfolk
  2 wind drakes (Shoals:3)
  5 snapping turtles
  15 dream sheep
  4 harpy skeletons
  9 slime creatures
  5 blink frogs (Lair:4)
  A spriggan zombie (D:12)
  7 hippogriffs
  A vampire (D:10)
  A spriggan (shapeshifter) (D:11)
  15 spriggans
  2 spectral wind drakes (Shoals:1)
  A yak (shapeshifter) (D:12)
  A water elemental (Shoals:3)
  A wyvern (D:10)
  A basilisk (Lair:1)
  39 yaks
  5 wraiths (Lair:4)
  4 fire bats (Depths:1)
  A steam dragon (shapeshifter) (D:12)
  Eustachio (D:4)
  A hungry ghost (D:11)
  A tengu zombie (WizLab)
  7 water moccasins
  2 acid dragons
  8 crocodiles
  29 nagas
  6 porcupines
  7 hell hounds (D:12)
  33 orc warriors
  A cane toad skeleton (D:10)
  A black bear (Lair:6)
  7 ogres
  A phantom (D:11)
  2 necrophages
  4 boggarts (Lair:6)
  A kobold brigand (D:12)
  26 wolves
  7 bullfrogs
  A gnoll sergeant (D:6)
  10 centaurs
  A scorpion (D:5)
  A water moccasin skeleton (D:8)
  14 killer bees
  16 wights
  A howler monkey (D:4)
  23 orc priests
  5 crimson imps
  15 jellies
  7 hounds
  A hound (shapeshifter) (Snake:3)
  9 orc wizards
  2 iguanas
  10 worker ants
  3 hound zombies
  4 gnolls (D:7)
  9 adders
  A howler monkey skeleton (D:4)
  2 shadow imps
  5 oozes
  3 adder skeletons
  2 worms (D:3)
  2 dart slugs (D:3)
  A leopard gecko (D:5)
  58 orcs
  2 giant cockroaches
  9 goblins
  10 hobgoblins
  8 jackals
  19 kobolds
  5 quokkas
  6 bats
  9 frilled lizards
  2 goblin skeletons (D:4)
  A hobgoblin zombie (D:4)
  A jackal skeleton (D:6)
  A jackal zombie (D:4)
  A kobold skeleton (D:4)
  2 orc skeletons (D:4)
  3 orc zombies (D:4)
  3 rats
  A butterfly (Lair:6)
  2 fungi (Lair:6)
  14 plants
  2 tentacles (Shoals:2)
  5 withered plants
893 creatures vanquished.

Vanquished Creatures (others)
  A bush (Lair:5)
  36 fulminant prisms
  8 fungi
  30 plants
  22 tentacles
  3 withered plants
100 creatures vanquished.

Grand Total: 993 creatures vanquished

Notes
Turn   | Place    | Note
-------+----------+-------------------------------------------
     0 | D:1      | doomedcactus the Fairy Conjurer began the quest for the
                  | Orb.
     0 | D:1      | Reached XP level 1. HP: 11/11 MP: 6/6
    43 | D:1      | Reached skill level 5 in Conjurations
    71 | D:1      | Reached XP level 2. HP: 17/17 MP: 7/7
   121 | D:1      | Learned a level 2 spell: Searing Ray
   340 | D:1      | Reached XP level 3. HP: 21/21 MP: 9/9
   896 | D:2      | Reached skill level 6 in Conjurations
  1135 | D:2      | Learned a level 3 spell: Iskenderun's Mystic Blast
  1423 | D:3      | Found an iron altar of Okawaru.
  1514 | D:3      | Reached XP level 4. HP: 27/27 MP: 10/10
  1877 | D:3      | Reached skill level 1 in Fighting
  2050 | D:3      | Reached skill level 7 in Conjurations
  2050 | D:3      | Reached XP level 5. HP: 33/33 MP: 11/11
  2331 | D:3      | Learned a level 4 spell: Fulminant Prism
  2342 | D:4      | Noticed Eustachio
  2347 | D:4      | Killed Eustachio
  2348 | D:4      | Reached skill level 8 in Conjurations
  2348 | D:4      | Reached XP level 6. HP: 37/38 MP: 1/13
  2647 | D:4      | Reached XP level 7. HP: 18/43 MP: 14/14
  2762 | D:4      | Found a glowing golden altar of the Shining One.
  2792 | D:4      | Reached skill level 9 in Conjurations
  3113 | D:5      | Entered Level 5 of the Dungeon
  3446 | D:5      | Reached skill level 5 in Spellcasting
  3446 | D:5      | Reached XP level 8. HP: 46/50 MP: 12/17
  3804 | D:5      | Got a heavily runed medium shield
  4172 | D:6      | Reached skill level 10 in Conjurations
  4299 | D:6      | Noticed a slime creature
  4307 | D:6      | Killed a slime creature
  4314 | D:6      | Reached skill level 5 in Dodging
  4596 | D:6      | Found Jixenlie's Antique Weapon Shop.
  4692 | D:6      | Reached skill level 11 in Conjurations
  4692 | D:6      | Reached XP level 9. HP: 56/56 MP: 11/21
  4810 | D:6      | Found an opulent altar of Gozag.
  4865 | D:6      | Found a staircase to the Ecumenical Temple.
  4874 | Temple   | Entered the Ecumenical Temple
  5011 | Temple   | Became a worshipper of Sif Muna the Loreminder
  5018 | Temple   | Learned a level 5 spell: Irradiate
  5697 | D:7      | Reached skill level 1 in Invocations
  5716 | D:7      | Found a stormy altar of Qazlal.
  5865 | D:7      | Reached skill level 1 in Shields
  6190 | D:8      | Got an ancient silver ring
  6191 | D:8      | Identified the ring of Bahan {*Slow +Fly rElec rPois} (You
                  | found it on level 8 of the Dungeon)
  6216 | D:8      | Reached skill level 12 in Conjurations
  6217 | D:8      | Reached * piety under Sif Muna
  6341 | D:8      | Found a shimmering altar of Xom.
  6341 | D:8      | Found a burning altar of Makhleb.
  6453 | D:8      | Reached XP level 10. HP: 61/63 MP: 8/22
  6654 | D:8      | Found a staircase to the Lair.
  6841 | D:8      | Found a radiant altar of Vehumet.
  6856 | D:8      | Received a gift from Sif Muna
  6864 | D:8      | Reached ** piety under Sif Muna
  6922 | D:8      | Reached skill level 13 in Conjurations
  7154 | D:8      | Found a staircase to the Orcish Mines.
  7412 | D:8      | Reached *** piety under Sif Muna
  7440 | Lair:1   | Entered Level 1 of the Lair of Beasts
  7541 | Lair:1   | Noticed a cane toad
  7546 | Lair:1   | Killed a cane toad
  7547 | Lair:1   | Reached skill level 14 in Conjurations
  7724 | Lair:1   | Noticed a cane toad
  7728 | Lair:1   | Killed a cane toad
  7747 | Lair:1   | Got a buzzing spear
  7753 | Lair:1   | Identified a +1 pair of boots of running (You found it on
                  | level 8 of the Dungeon)
  7753 | Lair:1   | Identified the cursed +1 spear "Omair" {pierce, *Drain
                  | Str+2 Dex+3} (You found it on level 1 of the Lair of
                  | Beasts)
  7788 | Lair:1   | Noticed a cane toad
  7793 | Lair:1   | Killed a cane toad
  7930 | Lair:1   | Reached XP level 11. HP: 70/70 MP: 11/23
  7938 | Lair:1   | Reached skill level 5 in Fighting
  7960 | Lair:1   | Reached **** piety under Sif Muna
  8144 | Lair:1   | Reached skill level 15 in Conjurations
  8547 | Lair:1   | Noticed an anaconda
  8551 | Lair:1   | Killed an anaconda
  8655 | Lair:2   | Noticed a catoblepas
  8667 | Lair:2   | Killed a catoblepas
  8893 | Lair:2   | Reached skill level 16 in Conjurations
  9159 | Lair:2   | Found a staircase to the Snake Pit.
  9162 | Lair:2   | Reached ***** piety under Sif Muna
  9162 | Lair:2   | Received a gift from Sif Muna
  9202 | Lair:2   | Learned a level 6 spell: Deflect Missiles
  9846 | Lair:3   | Reached skill level 1 in Air Magic
  9935 | Lair:3   | Identified the +1 medium shield "Seatz" {MR++ rCorr} (You
                  | found it on level 5 of the Dungeon)
 10192 | Lair:3   | Noticed an oklob plant
 10192 | Lair:3   | Noticed an oklob plant
 10225 | Lair:3   | Reached skill level 1 in Charms
 10368 | Lair:3   | Killed an oklob plant
 10368 | Lair:3   | Killed an oklob plant
 10369 | Lair:3   | Reached skill level 1 in Hexes
 10369 | Lair:3   | Noticed an oklob plant
 10460 | Lair:3   | Killed an oklob plant
 10461 | Lair:3   | Reached skill level 5 in Invocations
 10729 | Lair:4   | Noticed Harold
 10732 | Lair:4   | Noticed a four-headed hydra
 10795 | Lair:3   | Killed a four-headed hydra
 10796 | Lair:3   | Reached XP level 12. HP: 49/78 MP: 14/24
 10851 | Lair:4   | Noticed Rupert
 10936 | Orc      | Entered the Orcish Mines
 10995 | Orc      | Paralysed by an orc sorcerer for 2 turns
 11157 | Orc      | Found Nuovisk's Jewellery Emporium.
 11175 | Orc      | Noticed a sun demon
 11251 | Orc      | Bought a +6 ring of intelligence for 464 gold pieces
 11251 | Orc      | Bought an uncursed ring of magical power for 368 gold
                  | pieces
 11483 | Orc      | Noticed an ettin
 11488 | Orc      | Killed an ettin
 11760 | Orc      | Reached skill level 10 in Dodging
 12035 | Orc      | Noticed an orc high priest
 12040 | Orc      | Noticed an orc high priest
 12042 | Orc      | Reached skill level 5 in Air Magic
 12043 | Orc      | Killed an orc high priest
 12077 | Orc      | Killed an orc high priest
 12254 | Orc      | Found a roughly hewn altar of Beogh.
 12312 | Orc      | Noticed an orc high priest
 12319 | Orc      | Killed an orc high priest
 12412 | Orc      | Noticed an orc high priest
 12415 | Orc      | Killed an orc high priest
 12426 | Orc      | Reached skill level 5 in Charms
 12429 | Orc      | Noticed an orc high priest
 12433 | Orc      | Reached ****** piety under Sif Muna
 12433 | Orc      | Reached XP level 13. HP: 86/86 MP: 21/25
 12655 | Orc      | Found Iruipouq's Antique Armour Boutique.
 12657 | Orc      | Found Luirch's Antique Weapon Boutique.
 12661 | Orc      | Found Laung's General Store.
 12662 | Orc      | Found Lunuqig's Gadget Boutique.
 12721 | Orc      | Found a staircase to the Elven Halls.
 12841 | Orc      | Bought a shimmering dagger for 189 gold pieces
 12841 | Orc      | Identified the +6 dagger "Ogemoull" {pierce, *Rage MR++}
                  | (You bought it in a shop in the Orcish Mines)
 13516 | D:9      | Found Edentot's Antique Armour Boutique.
 13523 | D:9      | Bought a cloak for 121 gold pieces
 13523 | D:9      | Bought a helmet for 121 gold pieces
 13669 | D:9      | Identified Sif Muna's Grimoire of Feathers (Sif Muna gifted
                  | it to you on level 9 of the Dungeon)
 13669 | D:9      | Received a gift from Sif Muna
 14133 | D:10     | Entered Level 10 of the Dungeon
 14139 | D:10     | Learned a level 4 spell: Lightning Bolt
 14840 | D:10     | Got a sparkling silver ring
 14842 | D:10     | Identified the ring "Ycvan" {rElec rF+++ Int+4 Dex-3
                  | Stlth+} (You found it on level 10 of the Dungeon)
 15145 | D:11     | Noticed Gastronok
 15219 | D:11     | Killed Gastronok
 15427 | D:11     | Found a sacrificial altar of Ru.
 15507 | D:11     | Reached skill level 10 in Spellcasting
 15557 | D:11     | Reached XP level 14. HP: 94/94 MP: 30/30
 16018 | D:12     | Entered Level 12 of the Dungeon
 16059 | D:12     | Found Futrakh's Food Shoppe.
 16222 | D:12     | Identified Sif Muna's Tome of Cloudy Beguiling (Sif Muna
                  | gifted it to you on level 12 of the Dungeon)
 16222 | D:12     | Received a gift from Sif Muna
 16492 | D:12     | Found a staircase to the Depths.
 16840 | D:12     | Found Mixkoimp's Armour Shop.
 16912 | D:12     | Found Tyiso's Food Boutique.
 17054 | D:12     | Learned a level 5 spell: Freezing Cloud
 17162 | D:12     | Reached skill level 1 in Ice Magic
 17753 | D:12     | Noticed a stone giant
 17761 | D:12     | Killed a stone giant
 17874 | D:12     | Found a gate to the Vaults.
 17894 | D:12     | Got a pair of steaming boots
 18374 | Lair:4   | Noticed Josephine
 18384 | Lair:4   | Killed Josephine
 18504 | Lair:4   | Killed Harold
 18657 | Lair:4   | Reached skill level 5 in Ice Magic
 18659 | Lair:4   | Reached XP level 15. HP: 77/100 MP: 15/33
 18729 | Lair:4   | Killed Rupert
 18844 | Lair:4   | Identified Sif Muna's Disquisition on Attacks (Sif Muna
                  | gifted it to you on level 4 of the Lair of Beasts)
 18844 | Lair:4   | Received a gift from Sif Muna
 18882 | Lair:4   | Found a staircase to the Shoals.
 19179 | Lair:5   | Found a staircase to the Slime Pits.
 19179 | Lair:5   | Found a viscous altar of Jiyva.
 20367 | Lair:6   | Entered Level 6 of the Lair of Beasts
 21512 | Lair:6   | Identified Sif Muna's Handbook of the Entourage (Sif Muna
                  | gifted it to you on level 6 of the Lair of Beasts)
 21512 | Lair:6   | Received a gift from Sif Muna
 22038 | Lair:6   | Identified the cursed +0 pair of boots of Rubem {-Cast
                  | *Drain rN+++ SInv} (You found it on level 12 of the
                  | Dungeon)
 22220 | Snake:1  | Entered Level 1 of the Snake Pit
 22491 | Snake:1  | Noticed Aizul
 22504 | Snake:1  | Killed Aizul
 22505 | Snake:1  | Reached XP level 16. HP: 57/108 MP: 9/36
 22537 | Snake:1  | Noticed a nagaraja
 22545 | Snake:1  | Killed a nagaraja
 22739 | Snake:1  | Reached skill level 10 in Invocations
 23727 | Snake:2  | Reached skill level 15 in Spellcasting
 23869 | Snake:2  | Reached skill level 10 in Fighting
 24217 | Snake:2  | Got a masterwork flail
 24230 | Snake:2  | Noticed a nagaraja
 24240 | Snake:2  | Killed a nagaraja
 24595 | Snake:3  | Entered Level 3 of the Snake Pit
 24641 | Snake:3  | Noticed a nagaraja
 24655 | Snake:3  | Killed a nagaraja
 24796 | Snake:3  | Noticed a nagaraja
 24831 | Snake:3  | Killed a nagaraja
 25001 | Snake:3  | Identified the +7 flail of Nixzunan {protect, *Contam Int+2
                  | Dex+5} (You found it on level 2 of the Snake Pit)
 25006 | Snake:3  | Got a crude helmet
 25020 | Snake:3  | Identified the cursed -1 helmet "Umuinime" {rElec Int+2}
                  | (You found it on level 3 of the Snake Pit)
 25090 | Snake:3  | Received a gift from Sif Muna
 25142 | Snake:3  | Found a shimmering altar of Xom.
 25144 | Snake:3  | Found a shimmering altar of Xom.
 25181 | Snake:3  | Reached skill level 10 in Ice Magic
 25229 | Snake:3  | Reached XP level 17. HP: 114/116 MP: 2/38
 25331 | Snake:3  | Reached skill level 17 in Conjurations
 25513 | Snake:3  | Found a shimmering altar of Xom.
 25513 | Snake:3  | Found a shimmering altar of Xom.
 25514 | Snake:3  | Found a shimmering altar of Xom.
 25531 | Snake:3  | Noticed a caustic shrike
 25531 | Snake:3  | a shadow dragon changed into a caustic shrike
 25535 | Snake:3  | a caustic shrike changed into a shadow dragon
 25537 | Snake:3  | Noticed an acid blob
 25537 | Snake:3  | a shadow dragon changed into an acid blob
 25540 | Snake:3  | Noticed a golden dragon
 25540 | Snake:3  | an acid blob changed into a golden dragon
 25547 | Snake:3  | Noticed an acid blob
 25547 | Snake:3  | a golden dragon changed into an acid blob
 26015 | Snake:3  | Found Xast's Gadget Shoppe.
 26015 | Snake:3  | Found Huisou's Jewellery Shop.
 26016 | Snake:3  | Found Neopteu's Jewellery Shop.
 26033 | Snake:3  | Learned a level 6 spell: Bolt of Cold
 26129 | Snake:3  | Bought the ring of the Wary Ghosts {Ice rN+} for 405 gold
                  | pieces
 26351 | Snake:3  | Found a shimmering altar of Xom.
 26358 | Snake:3  | Found a shimmering altar of Xom.
 26359 | Snake:3  | Got a serpentine rune of Zot
 26690 | Shoals:1 | Entered Level 1 of the Shoals
 26836 | Shoals:1 | Reached skill level 15 in Dodging
 26978 | Shoals:1 | Noticed Roxanne
 27272 | Shoals:1 | Found Tusav's Assorted Antiques.
 27275 | Shoals:1 | Noticed Donald
 27279 | Shoals:1 | Killed Donald
 27338 | Shoals:1 | Bought a scroll of enchant armour for 262 gold pieces
 27946 | Shoals:1 | Killed Roxanne
 28026 | Shoals:1 | Identified Roxanne's Guide on Stones (You took it off
                  | Roxanne on level 1 of the Shoals)
 28293 | Shoals:2 | Found Locehiz's Gadget Shop.
 28527 | Shoals:2 | Noticed a kraken
 28544 | Shoals:2 | Killed a kraken
 28836 | Shoals:2 | Received a gift from Sif Muna
 29065 | Shoals:3 | Entered Level 3 of the Shoals
 29500 | Shoals:3 | Got a barnacled rune of Zot
 29565 | Shoals:3 | Reached XP level 18. HP: 122/122 MP: 22/40
 29621 | Shoals:3 | Identified the cursed ring "Zivekluuc" {rC+ rN+++ Str+3
                  | Dex-4 Stlth+}
 30651 | Shoals:3 | Identified the +5 flail of Compassion {vamp, *Noise +Inv
                  | Str+4}
 30915 | Depths:1 | Entered Level 1 of the Depths
 31040 | Depths:1 | Identified Sif Muna's Reference Book on Ashen Arcane
                  | Weapons (Sif Muna gifted it to you on level 1 of the
                  | Depths)
 31040 | Depths:1 | Received a gift from Sif Muna
 31055 | Depths:1 | Learned a level 4 spell: Throw Icicle
 31099 | Depths:1 | Found a magical portal.
 31104 | WizLab   | Entered Doroklohe's Tomb
 31371 | WizLab   | Noticed a greater mummy
 31387 | WizLab   | Mangled by a jiangshi

Skill      XL: |  1  2  3  4  5  6  7  8  9 10 11 12 13 14 15 16 17 18 |
---------------+-------------------------------------------------------+-----
Conjurations   | 5 6 7 8 9 11 12 14 16 17 | 17.6
Dodging        | 3 4 5 6 7 9 11 12 13 14 15 | 15.7
Fighting       | 1 2 3 4 5 7 8 9 10 11 | 11.2
Spellcasting   | 3 5 6 7 10 12 14 15 16 | 16.9
Invocations    | 2 3 5 6 7 9 10 11 | 11.6
Shields        | 1 2 |  2.1
Air Magic      | 2 5 7 8 |  8.3
Charms         | 2 5 |  5.5
Hexes          | 1 2 |  2.4
Ice Magic      | 5 7 10 12 13 | 13.4
Stealth        | |  1.6
Evocations     | |  0.6

Action                   |  1- 3 |  4- 6 |  7- 9 | 10-12 | 13-15 | 16-18 || total
-------------------------+-------+-------+-------+-------+-------+-------++-------
Melee: Staff             |       |       |       |       |     1 |       ||     1
 Cast: Magic Dart        |    88 |    85 |   194 |   212 |    64 |     9 ||   652
       Iskenderun's Myst |       |     8 |    67 |   216 |   578 |   236 ||  1105
       Searing Ray       |       |     3 |     4 |       |       |       ||     7
       Fulminant Prism   |       |       |     1 |    23 |    11 |     1 ||    36
       Lightning Bolt    |       |       |       |       |    21 |       ||    21
       Deflect Missiles  |       |       |       |       |     1 |       ||     1
       Freezing Cloud    |       |       |       |       |    57 |   104 ||   161
       Bolt of Cold      |       |       |       |       |       |   125 ||   125
       Irradiate         |       |       |       |       |       |     2 ||     2
Invok: Channel Magic     |       |       |       |       |       |     3 ||     3
 Abil: Stop Flying       |       |       |       |       |     1 |       ||     1
       Fly               |       |       |       |       |     1 |       ||     1
Evoke: Wand              |       |       |       |     1 |     2 |     5 ||     8
  Use: Scroll            |     2 |       |     5 |     7 |    19 |     7 ||    40
       Potion            |       |       |       |       |     8 |     3 ||    11
  Eat: Chunk             |     2 |     3 |    10 |    15 |    35 |    12 ||    77
       Ration            |       |       |     1 |     2 |     1 |     7 ||    11
Armor: Skin              |     4 |     2 |     5 |    12 |    53 |    43 ||   119
Dodge: Dodged            |    11 |    12 |    38 |    86 |   195 |   220 ||   562
       Deflected         |       |       |       |       |    16 |    44 ||    60
Block: Other             |     1 |     6 |    13 |    23 |    80 |   108 ||   231
